 Dungeon Crawl Stone Soup version 0.17.1-3-g152610e (webtiles) character file.

366 Ponchio the Skirmisher (level 6, 0/41 HPs)
             Began as a Gargoyle Fighter on Mar 9, 2016.
             Was a Believer of Qazlal.
             Killed by divine providence
             ... invoked by an orc priest
              (13 damage)
             ... on level 4 of the Dungeon.
             The game lasted 00:16:52 (2631 turns).

Ponchio the Skirmisher (Gargoyle Fighter)           Turns: 2631, Time: 00:16:52

Health: 0/41       AC: 13    Str: 19    XL:     6   Next: 68%
Magic:  6/6        EV:  7    Int:  9    God:    Qazlal [**....]
Gold:   100        SH:  0    Dex: 11    Spells: 0 memorised, 5 levels left

rFire  . . .     SeeInvis .     a - +1 flail
rCold  . . .     Clarity  .     b - +0 scale mail
rNeg   + . .     SustAt   +     c - +1 shield
rPois  ∞         Gourm    .     (no helmet)
rElec  +         Spirit   .     r - +0 cloak
rCorr  .         Warding  .     (no gloves)
rMut   .         Stasis   .     i - +0 pair of boots
MR     .....                    (no amulet)
Stlth  ..........               (no ring)
                                u - ring of sustain attributes

@: confused, not resistant to hostile enchantments, extremely unstealthy
A: negative energy resistance 1, electricity resistance, unbreathing,
petrification resistance, rot immunity, AC +4
a: Upheaval, Renounce Religion


You were on level 4 of the Dungeon.
You worshipped Qazlal.
Qazlal was pleased with you.
You were very hungry.

You visited 1 branch of the dungeon, and saw 4 of its levels.

You collected 100 gold pieces.

Inventory:

Hand Weapons
 a - a +1 flail (weapon)
 s - a +2 whip of pain
Armour
 b - a +0 scale mail (worn)
 c - a +1 shield (worn)
 i - a +0 pair of boots (worn)
 r - a +0 cloak (worn)
Jewellery
 u - a ring of sustain attributes (left hand)
Scrolls
 f - a scroll of magic mapping {unknown}
Potions
 d - a potion of might
 g - 2 potions of brilliance
 h - 2 potions of agility
 m - 4 potions of cure mutation
 n - 2 potions of beneficial mutation {unknown}
 t - a potion of degeneration {unknown}
 v - a potion of poison {unknown}
Comestibles
 e - 6 bread rations
 o - 2 beef jerkies
 p - a meat ration


   Skills:
 + Level 6.0 Fighting
 + Level 4.8 Maces & Flails
 - Level 3.5 Armour
 - Level 3.4 Shields


You had 5 spell levels left.
You didn't know any spells.

Dungeon Overview and Level Annotations

Branches:
Dungeon (4/15)
 Temple: D:4-7

Altars:
Fedhas
Qazlal
Trog


Innate Abilities, Weirdness & Mutations

You are resistant to torment.
Your stone body is resilient (AC +4).
You are immune to poison.
You resist negative energy.
You are resistant to electric shocks.
You can survive without breathing.
You are immune to petrification.
You are immune to rotting.


Message History

You hit the orc priest.
The orc priest is lightly wounded.
The orc priest invokes the aid of Beogh against you.
Pain shoots through your body!
The orc priest hits you with a morningstar!
* * * LOW HITPOINT WARNING * * *
You are too injured to fight recklessly!
You are too injured to fight recklessly!
You are too injured to fight recklessly!
You are too injured to fight recklessly!
Unknown command.
Drink which item? (? for menu, Esc to quit)
It was a potion of ambrosia.
You are confused.
You feel invigorated.
You hit the orc priest.
The orc priest is heavily wounded.
The orc priest calls down the wrath of Beogh upon you.
Something smites you!
You die...

#. #. .. ######## .##
#......# .Z #.####.# ##
## #. #.# #.# #.
##...#)####.####.# #.
.......o@........# #####.
##...######.###..###...(.
## #........#.###.
#..##..#.#.# #.
#......#.#.###.
##.##.##.#.....
#.##.##.####.# #.##.##.#
#.# #..#.##.# #.#


You could see an orc priest.

Vanquished Creatures
  The ghost of riffraff the Shield-Bearer, an amateur GrFi of Okawaru (D:3)
  Ijyb (D:3)
  A worker ant (D:4)
  A giant frog skeleton (D:4)
  An orc priest (D:4)
  4 adders
  8 gnolls
  2 oozes (D:1)
  6 orcs
  A ball python (D:2)
  8 bats
  4 giant cockroaches
  3 goblins
  7 hobgoblins
  2 jackals (D:4)
  11 kobolds
  4 giant geckos
  5 giant newts
  8 rats
  A plant (D:3)
79 creatures vanquished.

Notes
Turn   | Place    | Note
--------------------------------------------------------------
     0 | D:1      | Ponchio the Gargoyle Fighter began the quest for the Orb.
     0 | D:1      | Reached XP level 1. HP: 14/14 MP: 1/1
   102 | D:1      | Reached XP level 2. HP: 19/19 MP: 2/2
   680 | D:2      | Reached XP level 3. HP: 22/24 MP: 3/3
   699 | D:2      | Found a bloodstained altar of Trog.
   717 | D:2      | Reached skill level 4 in Fighting
   781 | D:2      | Found a stormy altar of Qazlal.
   789 | D:2      | Became a worshipper of Qazlal Stormbringer
   858 | D:2      | Reached XP level 4. HP: 9/29 MP: 4/4
  1603 | D:3      | Found a blossoming altar of Fedhas.
  1653 | D:3      | Noticed Ijyb
  1694 | D:3      | Killed Ijyb
  1694 | D:3      | Reached XP level 5. HP: 28/34 MP: 5/5
  1798 | D:3      | Reached * piety under Qazlal
  1803 | D:3      | Reached skill level 5 in Fighting
  1886 | D:3      | Noticed riffraff's ghost (amateur GrFi)
  1901 | D:3      | Killed riffraff's ghost
  1901 | D:3      | Reached XP level 6. HP: 21/40 MP: 6/6
  2623 | D:4      | Reached ** piety under Qazlal
  2628 | D:4      | Reached skill level 6 in Fighting
  2631 | D:4      | Killed from afar by an orc priest

Action                   |  1- 3 |  4- 6 || total
-------------------------+-------+-------++-------
Melee: Flail             |   105 |   275 ||   380
  Use: Potion            |       |     4 ||     4
       Scroll            |       |     6 ||     6
  Eat: Chunk             |       |     5 ||     5
